 Dungeon Crawl Stone Soup version 0.30.0 (webtiles) character file.

Game seed: 11185524634236981704

102921 browni3141 the Bludgeoner (level 15, -1/141 HPs)
             Began as an Armataur Delver on May 6, 2023.
             Was a High Priest of Okawaru.
             Slain by a very large slime creature (44 damage)
             ... on level 13 of the Dungeon.
             The game lasted 01:01:17 (22675 turns).

browni3141 the Bludgeoner (Armataur Delver)        Turns: 22675, Time: 01:01:18

Health: -1/141     AC: 37    Str: 21    XL:     15   Next: 87%
Magic:  21/21      EV:  9    Int: 11    God:    Okawaru [*****.]
Gold:   622        SH:  0    Dex: 13    Spells: 14/14 levels left

rFire   + + +        b - +3 great mace (holy)
rCold   . . .        (shield currently unavailable)
rNeg    . . .        e - +10 crystal plate armour of the Mangosteen {rElec rF+++ Str-2 Stlth+}
rPois   +            X - +2 helmet
rElec   +            (no cloak)
rCorr   .            k - +3 pair of gauntlets of War {Slay+5}
SInv    .            (no barding)
Will    +....        x - amulet of regeneration Stlth
                     l - ring of poison resistance
HPRegen 1.23/turn    A - +5 ring of evasion
MPRegen 0.17/turn

%: roll
@: no status effects
A: large, rugged brown scales 3, deformed body, armoured tail, roll, long
tongue, awkward tongue
a: Renounce Religion, Heroism, Finesse, Duel


You were on level 13 of the Dungeon.
You worshipped Okawaru.
Okawaru was extremely pleased with you.
You visited 4 branches of the dungeon, and saw 21 of its levels.
You visited the Abyss 2 times.
You also visited: Ossuary and Volcano.

You collected 2481 gold pieces.
You spent 1859 gold pieces at shops.

Inventory:

Hand Weapons
 a - a +2 dire flail of draining
 b - a +3 great mace of holy wrath (weapon)
Missiles
 j - 12 javelins
 q - 8 atropa-tipped darts
 y - 33 poisoned darts (quivered)
 G - a silver boomerang
 J - 6 silver javelins
 T - 9 boomerangs
 Z - 6 throwing nets
Armour
 e - the +10 crystal plate armour of the Mangosteen (worn) {rElec rF+++ Str-2 Stlth+}
   (Okawaru gifted it to you on level 3 of the Lair of Beasts)

   Str:       It affects your strength (-2).
   rF:        It renders you almost immune to fire.
   rElec:     It insulates you from electricity.
   Stlth:     It makes you more stealthy.
 k - the +3 pair of gauntlets of War (worn) {Slay+5}
   (You bought it in a shop on level 2 of the Orcish Mines)

   Slay:      It affects your accuracy & damage with ranged weapons and melee
   (+5).
 B - a +2 pair of gloves of dexterity
 X - a +2 helmet (worn)
Jewellery
 l - a ring of poison resistance (left hand)
 n - the ring of Ebaloif {Fire Dex+6 SInv}
   (You acquired it on level 8 of the Dungeon)

   [ring of fire]

   It enhances your fire magic.
   Dex:       It affects your dexterity (+6).
   rF:        It protects you from fire.
   rC:        It makes you vulnerable to cold.
   SInv:      It lets you see invisible.
 o - an amulet of reflection
 t - a ring of magical power
 v - a ring of positive energy
 x - an amulet of regeneration (around neck)
 z - a ring of wizardry
 A - a +5 ring of evasion (right hand)
 K - a ring of protection from cold
 S - a ring of resist corrosion
Wands
 g - a wand of digging (1)
 s - a wand of mindburst (9)
 E - a wand of quicksilver (9)
 P - a wand of paralysis (7)
 V - a wand of flame (28)
 W - a wand of roots (13)
Scrolls
 d - a scroll of magic mapping
 f - 5 scrolls of enchant weapon
 r - 2 scrolls of fog
 w - 3 scrolls of immolation
 N - 5 scrolls of amnesia
 O - 10 scrolls of teleportation
 R - a scroll of summoning
 U - 6 scrolls of blinking
 Y - 5 scrolls of vulnerability
Potions
 c - 6 potions of mutation
 h - 2 potions of haste
 i - 3 potions of invisibility
 m - a potion of magic
 p - 3 potions of ambrosia
 u - a potion of cancellation {unknown}
 C - 7 potions of curing
 D - 2 potions of berserk rage
 F - 2 potions of flight
 H - 8 potions of heal wounds
 I - 7 potions of attraction
 L - 3 potions of lignification
 M - 4 potions of might
 Q - 7 potions of brilliance


   Skills:
 + Level 11.9 Fighting
 - Level 3.0 Short Blades
 - Level 1.3(9.1) Axes
 + Level 15.0(15.1) Maces & Flails
 + Level 9.7 Throwing
 * Level 15.0 Armour
 - Level 6.0 Dodging
 - Level 6.0 Stealth
 - Level 8.0 Invocations
 - Level 3.0 Evocations


You had 14 spell levels left.
You didn't know any spells.
Your spell library contained the following spells:

 Spells                   Type           Power      Damage    Failure   Level
 Beastly Appendage        Tmut           0%         N/A       100%        1
 Cigotuvi's Dreadful Rot  Necr/Pois/Air  0%         N/A       100%        2
 Lesser Beckoning         Tloc           0%         N/A       100%        2
 Static Discharge         Conj/Air       0%         2-2/arc   100%        2
 Wereblood                Tmut           0%         N/A       100%        2
 Gell's Gravitas          Tloc           0%         N/A       100%        3
 Hailstorm                Conj/Ice       0%         3d3       100%        3
 Ignite Poison            Fire/Tmut/Pois 0%         N/A       100%        3
 Inner Flame              Hex/Fire       0%         N/A       100%        3
 Spider Form              Tmut/Pois      0%         N/A       100%        3
 Teleport Other           Tloc           0%         N/A       100%        3
 Airstrike                Air            0%         2d(0-16)  100%        4
 Ice Form                 Ice/Tmut       0%         N/A       100%        4
 Leda's Liquefaction      Hex/Erth       0%         N/A       100%        4
 Olgreb's Toxic Radiance  Pois           0%         N/A       100%        4
 Sticky Flame             Conj/Fire      0%         2d3       100%        4
 Fireball                 Conj/Fire      0%         3d3       100%        5
 Freezing Cloud           Conj/Ice/Air   0%         6-21      100%        5
 Iskenderun's Battlesphe  Conj           0%         2d6       100%        5
 Lee's Rapid Deconstruct  Erth           0%         3d4*      100%        5
 Yara's Violent Unravell  Hex/Tmut       0%         3d3       100%        5
 Conjure Ball Lightning   Conj/Air       0%         3x3d6     100%        6
 Statue Form              Tmut/Erth      0%         N/A       100%        6
 Enfeeble                 Hex            0%         N/A       100%        7
 Orb of Destruction       Conj           0%         9d5       100%        7
 Discord                  Hex            0%         N/A       100%        8
 Ignition                 Fire           0%         3d3       100%        8
 Summon Lightning Spire   Summ/Air       Unusable   N/A       N/A         4
 Simulacrum               Ice/Necr       Unusable   N/A       N/A         6

Dungeon Overview and Level Annotations

Branches:
Dungeon (13/15)            Temple (1/1) D:5            Lair (5/5) D:10
  Swamp (0/4) Lair:2       Spider (0/4) Lair:3        Slime (0/5) Lair:5
    Orc (2/2) D:11            Elf (0/3) Orc:2       Ossuary (visited)
Volcano (visited)
 Vaults: D:13-14

Altars:
Ashenzari
Cheibriados
Dithmenos
Elyvilon
Fedhas
Gozag
Hepliaklqana
Kikubaaqudgha
Makhleb
Nemelex Xobeh
Okawaru
Qazlal
Ru
Sif Muna
Trog
Uskayaw
Vehumet
Xom
Yredelemnul
Zin
The Shining One
Jiyva

Shops:
D:4 !   D:9 [   Orc:2 [!((

Portals:
Trove: D:11 (give +5 demon trident)

Annotations:
D:3 1 runed translucent door, Sweeb's ghost, novice OpFi
D:5 exclusion: downstairs
D:6 3 runed translucent doors, BubbleThief's ghost, novice HOFi
D:9 3 runed translucent doors, exclusion: 3 doors, JawaBawa's ghost, novice MiFi; ebarrett's ghost, novice AtFi; epsilonplus's ghost, novice DsFi


Innate Abilities, Weirdness & Mutations

You are completely covered in rugged brown scales. (AC +3, +7% HP)
Armour fits poorly on your strangely shaped body.
You have a long armoured tail.
You roll when moving toward enemies. (Rampage)
Your long tongue fully drains potion bottles. (2x potion effects)
Your tongue gives you trouble enunciating. (1.5x scroll delay)


Message History

Okawaru accepts your kill.
No target in view!
You open the door.
There is an open door here.
Found a stone staircase leading down.
You open the door.
There is an open door here.
There is an open door here.
As you open the door, it creaks loudly! 6 slime creatures and 3 vampire mosquitoes come into view.
The slime creature quivers. x3
The vampire mosquito buzzes angrily. x2
The vampire mosquito moves out of view.
There are monsters nearby!
There are monsters nearby!
There are monsters nearby!
You roll towards the slime creature!
You sock the slime creature!
The slime creature is lightly wounded.
The vampire mosquito closely misses you.
The slime creature hits you!
The slime creature hits you but does no damage.
Two slime creatures merge to form a large slime creature.
You barely miss the large slime creature.
The large slime creature is lightly wounded.
The vampire mosquito closely misses you.
The slime creature closely misses you.
The slime creature attacks as you move away!
The slime creature closely misses you.
A large slime creature splits.
You completely miss the slime creature. You tail-slap the slime creature!
The slime creature is lightly wounded.
The slime creature hits you but does no damage.
Two slime creatures merge to form a large slime creature.
Two slime creatures merge to form a large slime creature.
Two slime creatures merge to form a very large slime creature.
A large slime creature is nearby!
Two slime creatures merge to form a titanic slime creature.
You start waiting.
Done waiting.
There is an open door here.
H - 8 potions of heal wounds (gained 1)
You now have 622 gold pieces (gained 27).
You see here a +0 hand axe.
You see here a +0 hand axe.
A slime creature comes into view.
The slime creature quivers.
You roll towards the slime creature!
A slime creature comes into view. 2 slime creatures come into view.
The slime creature quivers. x2
Two slime creatures merge to form a large slime creature.
Two slime creatures merge to form a very large slime creature.
You roll towards the slime creature!
A slime creature comes into view. x2
The slime creature quivers. x2
Two slime creatures merge to form a large slime creature.
The slime creature barely misses you.
You sock the slime creature! You tail-slap the slime creature.
The slime creature is moderately wounded.
The slime creature hits you but does no damage.
You sock the slime creature!
The slime creature is heavily wounded.
The slime creature hits you!
You sock the slime creature!
The slime creature is severely wounded.
The slime creature hits you.
You bludgeon the slime creature!!
You kill the slime creature!
Okawaru accepts your kill.
You bludgeon the very large slime creature!!
The very large slime creature is lightly wounded.
The very large slime creature hits you!
You hit the very large slime creature.
You tail-slap the very large slime creature.
The very large slime creature is moderately wounded.
The very large slime creature hits you but does no damage.
The large slime creature hits you but does no damage.
You bludgeon the very large slime creature!!
The very large slime creature is moderately wounded.
The very large slime creature hits you!!
The large slime creature hits you but does no damage.
You bludgeon the very large slime creature!!
The very large slime creature is heavily wounded.
The very large slime creature hits you!!!
The large slime creature hits you but does no damage.
You are too injured to fight recklessly!
You are too injured to fight recklessly!
The large slime creature attacks as you move away!
The large slime creature hits you but does no damage.
The very large slime creature attacks as you move away!
The very large slime creature closely misses you.
A large slime creature splits.
The very large slime creature attacks as you move away!
The very large slime creature hits you.
The very large slime creature attacks as you move away!
The very large slime creature barely misses you.
The very large slime creature attacks as you move away!
The very large slime creature hits you!
* * * LOW HITPOINT WARNING * * *
The very large slime creature attacks as you move away!
The very large slime creature hits you!!!
You die...

#..#+####......#.#
#....#. #..)...#.#
#.####.
+......[.######..# #.
#............###.###.
....>#.......# #.##..
####.........# #.....
#.........# ######
#.........#
#@#.......#
#J#######.### ## #J#
#...#####. #.#
###...##.. #J#
###.#... #.# #.#...
#....# #.#... ##...#
#######.#... ......
#.....#.####


You could see a very large slime creature and 2 slime creatures.

Vanquished Creatures
  A bone dragon (Abyss:2)
  2 tentacled starspawn (Abyss:2)
  An orc warlord (Orc:1)
  A balrug (Abyss:2)
  A very ugly thing (Abyss:2)
  An ophan (Abyss:2)
  A green draconian (Abyss:2)
  Josephine (D:11)
  A jiangshi (Abyss:2)
  5 hydras
  An ogre mage (Orc:2)
  9 two-headed ogres
  A dancing weapon (Volcano)
  2 boulder beetles (D:12)
  A thrashing horror (Abyss:2)
  3 orc high priests (Orc:2)
  Urug (D:11)
  A tengu warrior (D:12)
  A sun demon (Abyss:2)
  A skyshark (Lair:2)
  A wretched star (Abyss:2)
  Amaemon (D:10)
  An orb spider (Lair:3)
  A spriggan simulacrum (Abyss:2)
  A lindwurm (Lair:5)
  5 wizards (Volcano)
  5 orc knights
  An ugly thing (D:13)
  A worldbinder (Abyss:2)
  7 orc sorcerers (Orc:2)
  A manticore (D:11)
  3 black mambas (Lair:5)
  5 toenail golems (Volcano)
  An apocalypse crab (Abyss:2)
  2 smoke demons (Abyss:2)
  2 torpor snails
  17 elephants
  3 orange demons
  9 cane toads
  A gargoyle (D:7)
  3 unseen horrors
  2 kobold demonologists
  10 komodo dragons
  5 polar bears
  4 starcursed masses (Abyss:2)
  A queen bee (shapeshifter) (Abyss:2)
  12 hornets (Lair:5)
  An ancient zyme (Abyss:2)
  4 trolls
  14 blink frogs
  Grinder (D:6)
  7 raiju (Abyss:2)
  A dream sheep (Lair:5)
  3 large abominations (Abyss:2)
  4 slime creatures
  8 wraiths
  14 spriggans (Lair:5)
  3 shadows
  5 basilisks
  27 yaks
  4 wyverns
  2 chaos spawn (Abyss:2)
  A neqoxec (Abyss:2)
  A steam dragon (D:8)
  4 vampire mosquitoes
  Edmund (D:6)
  18 water moccasins
  A warg (Orc:2)
  3 acid dragons
  20 orc warriors
  9 black bears
  A sky beast (D:7)
  9 ogres
  33 wolves
  2 ice beasts
  4 small abominations (Abyss:2)
  4 boggarts (Lair:5)
  4 centaurs
  A phantom (D:5)
  7 kobold brigands
  11 bullfrogs
  Blork the orc (D:6)
  An elf zombie (Ossuary)
  2 gnoll sergeants
  A scorpion (D:5)
  10 wights
  6 killer bees (D:10)
  8 electric eels
  4 howler monkeys
  2 lava snakes (Lair:4)
  3 centaur zombies (Ossuary)
  A quasit (Abyss:2)
  4 human zombies (Ossuary)
  3 jellies
  4 hounds
  11 orc priests
  An iguana (D:7)
  An iron imp (Abyss:2)
  Jessica (D:3)
  Ijyb (D:5)
  23 orc wizards
  3 mummies (Ossuary)
  21 gnolls
  8 adders
  2 shadow imps
  4 ufetubi
  2 adder zombies (Ossuary)
  A worm (D:2)
  3 dart slugs
  62 orcs
  6 ball pythons
  9 endoplasms
  A giant cockroach (D:1)
  3 gnoll zombies (Ossuary)
  5 goblins
  9 hobgoblins
  4 jackals (D:4)
  6 quokkas
  5 bats
  3 frilled lizards
  2 goblin zombies (Ossuary)
  3 hobgoblin zombies (Ossuary)
  A jackal zombie (Ossuary)
  26 kobolds
  A kobold zombie (Ossuary)
  2 orc zombies (Ossuary)
  4 quokka zombies (Ossuary)
  4 rats
  9 rat zombies (Ossuary)
  A lurking horror (Abyss:2)
  A starspawn tentacle (Abyss:2)
672 creatures vanquished.

Vanquished Creatures (others)
  A hound (D:3)
  A white imp (Abyss:2)
  59 fungi
  70 plants
  4 starspawn tentacles (Abyss:2)
135 creatures vanquished.

Grand Total: 807 creatures vanquished

Notes
Turn   | Place    | Note
-------+----------+-------------------------------------------
     0 | D:5      | browni3141 the Armataur Delver began the quest for the Orb.
     0 | D:5      | Reached XP level 1. HP: 19/19 MP: 1/1
     7 | D:5      | Noticed a black bear
    17 | D:4      | Found Ysmumano's Distillery.
    38 | D:4      | Noticed an orc priest
    47 | D:4      | Noticed a hound
   168 | D:4      | Reached XP level 2. HP: 18/26 MP: 2/2
   386 | D:1      | Reached skill level 3 in Short Blades
   465 | D:1      | Reached XP level 3. HP: 24/32 MP: 3/3
  1128 | D:2      | Found a faded altar of an unknown god.
  1189 | D:2      | Prayed at the altar of an unknown god.
  1189 | D:2      | Became a worshipper of Warmaster Okawaru
  1189 | D:2      | Reached * piety under Okawaru
  1317 | D:2      | Reached skill level 3 in Fighting
  1881 | D:2      | Reached XP level 4. HP: 35/40 MP: 4/4
  2067 | D:3      | Reached skill level 6 in Stealth
  2310 | D:3      | Reached XP level 5. HP: 48/48 MP: 2/6
  2403 | D:3      | Noticed Jessica
  2409 | D:3      | Killed Jessica
  2444 | D:3      | Found a runed translucent door.
  2450 | D:3      | Noticed Sweeb's ghost (novice OpFi)
  3000 | D:4      | Noticed a black bear
  3015 | D:3      | Killed a black bear
  3016 | D:3      | Reached skill level 3 in Invocations
  3016 | D:3      | Reached XP level 6. HP: 38/54 MP: 6/8
  3176 | D:3      | Reached skill level 3 in Maces & Flails
  3891 | D:4      | Bought a potion of curing for 39 gold pieces
  3891 | D:4      | Bought a potion of heal wounds for 65 gold pieces
  3891 | D:4      | Bought a potion of might for 52 gold pieces
  3891 | D:4      | Bought a potion of curing for 39 gold pieces
  3914 | D:5      | Reached XP level 7. HP: 25/60 MP: 9/9
  4120 | D:5      | Reached skill level 3 in Armour
  4199 | D:5      | Found a staircase to the Ecumenical Temple.
  4199 | D:5      | Noticed Ijyb
  4214 | D:5      | Killed Ijyb
  4423 | D:5      | Reached skill level 6 in Armour
  4431 | D:5      | Reached XP level 8. HP: 52/67 MP: 11/11
  4439 | D:5      | Reached ** piety under Okawaru
  5047 | Temple   | Entered the Ecumenical Temple
  5217 | D:6      | Noticed Grinder
  5250 | D:6      | Noticed BubbleThief's ghost (novice HOFi)
  5250 | D:6      | Found a runed translucent gate.
  5250 | D:6      | Found a runed translucent gate.
  5250 | D:6      | Found a runed translucent gate.
  5746 | D:6      | Killed Grinder
  5747 | D:6      | Reached skill level 3 in Evocations
  5750 | D:6      | Noticed Edmund
  5758 | D:6      | Killed Edmund
  5767 | D:6      | Reached XP level 9. HP: 47/77 MP: 12/12
  6006 | D:6      | Noticed Blork the orc
  6013 | D:6      | Killed Blork the orc
  6689 | D:7      | Reached *** piety under Okawaru
  6807 | D:7      | Found a hazy altar of Hepliaklqana.
  6982 | D:7      | Reached skill level 6 in Fighting
  7094 | D:7      | Noticed a gargoyle
  7110 | D:7      | Reached skill level 3 in Throwing
  7117 | D:7      | Killed a gargoyle
  7129 | D:7      | Noticed a two-headed ogre
  7136 | D:7      | Killed a two-headed ogre
  7136 | D:7      | Reached **** piety under Okawaru
  7137 | D:7      | Reached XP level 10. HP: 42/92 MP: 13/13
  7342 | D:8      | Found a sand-covered staircase.
  7347 | Ossuary  | Entered an ossuary
  7847 | Ossuary  | Identified 2 scrolls of acquirement
  7858 | D:8      | Acquired the ring of Ebaloif {Fire Dex+6 SInv}
  7862 | D:8      | Acquired an amulet of reflection
  8180 | D:8      | Found an iron altar of Okawaru.
  8269 | D:8      | Found a hide-covered altar of Uskayaw.
  8333 | D:8      | Found a glowing silver altar of Zin.
  8486 | D:8      | Found a shimmering blue altar of Sif Muna.
  9027 | D:9      | Reached skill level 6 in Maces & Flails
  9141 | D:9      | Found Comyklea's Antique Armour Shop.
  9286 | D:9      | Found a sacrificial altar of Ru.
  9297 | D:9      | Reached skill level 12 in Maces & Flails
  9297 | D:9      | Reached XP level 11. HP: 100/100 MP: 14/14
  9297 | D:9      | Reached XP level 12. HP: 108/108 MP: 15/15
  9299 | D:9      | Found a glowing golden altar of the Shining One.
  9301 | D:9      | Found a shadowy altar of Dithmenos.
  9307 | D:9      | Found a snail-covered altar of Cheibriados.
  9410 | D:9      | Found a runed translucent gate.
  9410 | D:9      | Found a runed translucent gate.
  9410 | D:9      | Found a runed translucent gate.
  9655 | D:9      | Noticed epsilonplus's ghost (novice DsFi)
  9655 | D:9      | Noticed ebarrett's ghost (novice AtFi)
  9656 | D:9      | Noticed JawaBawa's ghost (novice MiFi)
  9957 | D:10     | Entered Level 10 of the Dungeon
  9989 | D:10     | Reached skill level 6 in Throwing
 10016 | D:10     | Found an opulent altar of Gozag.
 10076 | D:10     | Received a gift from Okawaru
 10235 | D:10     | Found a staircase to the Lair.
 10685 | D:11     | Noticed Urug
 10685 | D:11     | Noticed a two-headed ogre
 10697 | D:11     | Received a gift from Okawaru
 10734 | D:11     | Reached skill level 6 in Invocations
 10758 | D:11     | Killed Urug
 10800 | D:11     | Killed a two-headed ogre
 10972 | D:11     | Noticed a two-headed ogre
 11035 | D:11     | Found a portal to a secret trove of treasure.
 11139 | D:11     | Found a staircase to the Orcish Mines.
 11263 | D:11     | Noticed Josephine
 11268 | D:11     | Reached skill level 3 in Dodging
 11270 | D:11     | Killed Josephine
 11270 | D:11     | Reached ***** piety under Okawaru
 11271 | D:11     | Reached XP level 13. HP: 114/114 MP: 14/18
 11484 | D:11     | Found a sacrificial altar of Ru.
 11623 | Lair:1   | Entered Level 1 of the Lair of Beasts
 11623 | Lair:1   | Noticed Amaemon
 11907 | D:10     | Killed Amaemon
 11943 | Lair:1   | Received a gift from Okawaru
 12449 | Lair:1   | Received a gift from Okawaru
 13214 | Lair:2   | Received a gift from Okawaru
 13251 | Lair:2   | Received a gift from Okawaru
 13721 | Lair:2   | Reached skill level 9 in Fighting
 14078 | Lair:2   | Found a staircase to the Swamp.
 14672 | Lair:3   | Received a gift from Okawaru
 14802 | Lair:3   | Reached skill level 6 in Dodging
 14866 | Lair:3   | Identified the +10 crystal plate armour of the Mangosteen
                  | {rElec rF+++ Str-2 Stlth+} (Okawaru gifted it to you on
                  | level 3 of the Lair of Beasts)
 14866 | Lair:3   | Received a gift from Okawaru
 15111 | Lair:3   | Found a hole to the Spider Nest.
 15426 | Lair:4   | You fall into a shaft and drop 1 floor!
 15426 | Lair:5   | Entered Level 5 of the Lair of Beasts
 15569 | Lair:5   | Reached XP level 14. HP: 127/127 MP: 20/20
 15570 | Lair:5   | Found a dark tunnel.
 15585 | Volcano  | Entered a volcano
 15594 | Abyss:2  | Cast into level 2 of the Abyss (a wizard)
 15595 | Abyss:2  | Reached skill level 9 in Armour
 16112 | Abyss:2  | Noticed a balrug
 16120 | Abyss:2  | Killed a balrug
 16139 | Abyss:2  | Found a bloodstained altar of Trog.
 16197 | Abyss:2  | Noticed a tentacled starspawn
 16211 | Abyss:2  | Killed a tentacled starspawn
 16214 | Volcano  | Escaped the Abyss
 16222 | Volcano  | Received a gift from Okawaru
 16320 | Abyss:2  | Cast into level 2 of the Abyss (a wizard)
 16335 | Abyss:2  | Found a corrupted altar of Lugonu.
 16442 | Abyss:2  | Received a gift from Okawaru
 16476 | Abyss:2  | Noticed a tentacled starspawn
 16492 | Abyss:2  | Killed a tentacled starspawn
 16533 | Abyss:2  | Found a corrupted altar of Lugonu.
 16553 | Abyss:2  | Noticed a bone dragon
 16555 | Abyss:2  | Noticed a red very ugly thing
 16576 | Abyss:2  | Killed a bone dragon
 16583 | Abyss:2  | Killed a red very ugly thing
 16682 | Abyss:2  | Noticed an ironbound thunderhulk
 16683 | Abyss:2  | Noticed a cyan very ugly thing
 16683 | Abyss:2  | Noticed a cyan very ugly thing
 16695 | Abyss:2  | Noticed a red very ugly thing
 16695 | Abyss:2  | Noticed a purple very ugly thing
 16696 | Abyss:2  | Noticed an ironbound thunderhulk
 16730 | Abyss:2  | Noticed an ophan
 16748 | Abyss:2  | Killed an ophan
 16748 | Abyss:2  | Received a gift from Okawaru
 16769 | Volcano  | Escaped the Abyss
 16785 | Volcano  | Received a gift from Okawaru
 16892 | Volcano  | Reached skill level 12 in Armour
 17109 | Lair:5   | Received a gift from Okawaru
 17370 | Lair:4   | Received a gift from Okawaru
 17538 | Lair:4   | Reached XP level 15. HP: 118/138 MP: 21/21
 17902 | Lair:4   | Received a gift from Okawaru
 18085 | Lair:5   | Found a viscous altar of Jiyva.
 18086 | Lair:5   | Found a staircase to the Slime Pits.
 18556 | Lair:5   | Received a gift from Okawaru
 18939 | Lair:5   | Received a gift from Okawaru
 19493 | Orc:1    | Entered Level 1 of the Orcish Mines
 19583 | Orc:1    | Reached skill level 9 in Throwing
 19712 | Orc:2    | Entered Level 2 of the Orcish Mines
 19839 | Orc:2    | Found a staircase to the Elven Halls.
 20317 | Orc:2    | Reached ****** piety under Okawaru
 20523 | Orc:2    | Received a gift from Okawaru
 20585 | Orc:2    | Found Ohuzequ's Weapon Shop.
 20612 | Orc:2    | Paralysed by an orc sorcerer for 2 turns
 20666 | Arena    | Entered the Arena
 20771 | Orc:2    | Found Sieploif's Weapon Shop.
 20775 | Orc:2    | Found Xoodiez's Distillery.
 20786 | Orc:2    | Found Riomuel's Antique Armour Shoppe.
 20791 | Orc:2    | Bought the +3 pair of gauntlets of War {Slay+5} for 950
                  | gold pieces
 20791 | Orc:2    | Found the +3 pair of gauntlets of War {Slay+5}
 21071 | Orc:2    | Bought 2 potions of curing for 84 gold pieces
 21071 | Orc:2    | Bought a potion of heal wounds for 70 gold pieces
 21071 | Orc:2    | Bought a potion of haste for 140 gold pieces
 21071 | Orc:2    | Bought a potion of mutation for 112 gold pieces
 21071 | Orc:2    | Bought a potion of ambrosia for 112 gold pieces
 21071 | Orc:2    | Bought 2 potions of attraction for 84 gold pieces
 21071 | Orc:2    | Bought a potion of heal wounds for 70 gold pieces
 21071 | Orc:2    | Bought a potion of lignification for 42 gold pieces
 21289 | D:12     | Reached skill level 15 in Maces & Flails
 21779 | D:12     | Reached skill level 15 in Armour
 22675 | D:13     | Slain by a very large slime creature

Illustrated notes

Levels and vault maps discovered:
D:1:      scummos_arrival_simple_fountains, layout_rooms, minmay_cut_off
D:2:      layout_rooms, shapermc_ecumenical_altar_acropolis, serial_forest,
          infiniplex_forest_side_room, infiniplex_forest_straight_4,
          infiniplex_forest_lined_corner, infiniplex_forest_end_2,
          infiniplex_forest_clump_small, infiniplex_forest_clump_long,
          infiniplex_forest_lined_1, infiniplex_forest_clump_C
D:3:      layout_loops_ring, ebering_ghost_reflecting_pool, uniq_jessica
D:4:      nicolae_cairo_tiling_large_dashed, layout_cave_pools, serial_shops,
          shop, nicolae_elevator_lobby_asterisk
D:5:      layout_loops_ring, minmay_temple_entry_stoned_glass, uniq_ijyb
D:6:      layout_rooms, gammafunk_ghost_necromancy, uniq_grinder,
          uniq_blork_the_orc, uniq_edmund
D:7:      minmay_slanted_spiral_squares, layout_gridville,
          amcnicky_altar_gilded, nicolae_wu_jian_immortal_techniques,
          nicolae_kite_square_tiling_tiny
D:8:      layout_gridville, nicolae_sif_muna_little_library,
          kennysheep_okawaru_gauntlet, nicolae_uskayaw_dance_hall,
          mainiacjoe_overflow_alcove_1, enter_ossuary_2
D:9:      layout_gridville, mainiacjoe_overflow_cross_hatched,
          gammafunk_temple_overflow_forgotten, gammafunk_ghost_cemetery,
          serial_shops, shop, grunt_ministairs_15
D:10:     layout_cave_pools, nicolae_gozag_seed_capital,
          due_lair_maze_entry_diamond, minivault_1
D:11:     layout_rooms, david_orc_2, enter_trove_6,
          nicolae_ru_the_path_less_chosen, uniq_urug, uniq_josephine
D:12:     layout_basic, serial_rivers, chequers_serial_rivers_micro_b,
          chequers_serial_rivers_micro_b, chequers_serial_rivers_micro_e,
          chequers_serial_rivers_small_3, chequers_serial_rivers_micro_c
D:13:     layout_basic, serial_co_window_serial, co_window_paths_b,
          co_window_of_opportunity_a, co_window_paths_a, co_window_paths_b,
          co_window_cross_1, co_window_corner_a, co_window_of_opportunity_b,
          co_window_broadway_b, co_window_broadway_b, co_window_2corner
Temple:   nicolae_temple_bog_church
Lair:1:   layout_layer_cave, uniq_amaemon
Lair:2:   layout_cave_pods, minmay_swamp_entry_swarm,
          chequers_serial_rivers_room_b
Lair:3:   layout_chaotic_city, nicolae_spider_entry_orb_guardian,
          nicolae_quartered_pool_little, ldierk_geyser, st_stairs_11,
          grunt_megastairs_4
Lair:4:   layout_roguey, nicolae_lair_liquid_snakes, serial_bayou_shore_a
Lair:5:   minmay_lair_end_enchanted_forest, layout_regular_city,
          dpeg_slime_entry_enclosed, nicolae_volcano_entry_vermiform,
          serial_bayou_pond_b, dreamdust_wasp_nest, serial_bayou_shore_b,
          infiniplex_staircase_pool
Orc:1:    layout_caves
Orc:2:    st_orc_elflike, layout_caves

Skill      XL: |  1  2  3  4  5  6  7  8  9 10 11 12 13 14 15 |
---------------+----------------------------------------------+-----
Short Blades   | 2 3 |  3.0
Fighting       | 3 4 7 8 9 11 | 11.9
Dodging        | 2 3 6 |  6.0
Maces & Flails | 1 2 3 4 5 12 13 14 15 | 15.0
Stealth        | 6 |  6.0
Invocations    | 1 3 4 6 8 |  8.0
Armour         | 2 6 7 8 12 15 | 15.0
Evocations     | 3 |  3.0
Axes           | 1 |  1.3
Throwing       | 2 4 5 6 8 9 |  9.7

Action                     |  1- 3 |  4- 6 |  7- 9 | 10-12 | 13-15 || total
---------------------------+-------+-------+-------+-------+-------++-------
  Melee: Short sword       |   110 |       |       |       |       ||   110
         Tailslap          |    16 |    10 |    49 |    61 |   272 ||   408
         Punch             |     2 |     6 |     5 |       |       ||    13
         Mace              |    45 |    78 |   102 |       |       ||   225
         Hand axe          |       |    69 |   121 |       |       ||   190
         Dire flail        |       |       |    67 |   346 |   616 ||  1029
         Great mace        |       |       |       |       |   881 ||   881
  Throw: Stone             |     2 |    18 |     7 |    15 |       ||    42
         Dart              |       |       |       |     7 |    66 ||    73
         Boomerang         |       |       |       |    23 |    24 ||    47
         Javelin           |       |       |       |     7 |    87 ||    94
 Invoke: Heroism           |       |     5 |     6 |     4 |    15 ||    30
         Finesse           |       |       |       |       |     1 ||     1
         Duel              |       |       |       |       |     1 ||     1
  Evoke: Wand              |       |     2 |    15 |     4 |     9 ||    30
    Use: Scroll            |     1 |     5 |     2 |    14 |    10 ||    32
         Potion            |       |     2 |     1 |     2 |     1 ||     6
   Stab: Sleeping          |    15 |     3 |     1 |     5 |     2 ||    26
         Distracted        |       |       |     1 |       |       ||     1
         Invisible         |       |       |       |       |     3 ||     3
         Fleeing           |       |       |       |       |     1 ||     1
 Armour: Leather armour    |    40 |    24 |       |       |       ||    64
         Scale mail        |       |    18 |    76 |   119 |    70 ||   283
         Crystal plate arm |       |       |       |       |  1053 ||  1053
  Dodge: Dodged            |    72 |   126 |   216 |   237 |   717 ||  1368
  Block: Other             |       |       |       |    48 |    30 ||    78
         Reflection        |       |       |       |     3 |       ||     3
